Map: [ESL] Royal Blood

Players

Solar - Winner!

  • Race: Zerg Zerg

DRG

  • Race: Zerg Zerg

Event: IEM Katowice 2023

VOD

Have the link to the VOD?

Description

Time

  • Played on: Feb. 11, 2023, 7:20 a.m.
  • Length: 9:24

All games in this series

Show
View Real Time Build Order
Export as new Build Order

Solar Zerg - Winner!

Build Orders: Hatch First 

Get SALT Encoding   

  12  0:00  Drone  
  13  0:12  Overlord  
  13  0:17  Drone  
  14  0:31  Drone x2  
  16  0:47  Hatchery  
  15  0:51  Drone  
  15  0:54  Drone  
  17  0:57  Drone  
  18  1:07  Extractor  
  17  1:13  Spawning Pool  
  17  1:15  Drone  
  17  1:19  Drone  
  18  1:27  Drone  
  19  1:38  Drone  
  20  1:52  Drone  
  21  1:59  Queen x2  
  21  2:00  Zergling x2  
  21  2:01  Overlord  
  26  2:09  Metabolic Boost  
  26  2:10  Drone x2  
  28  2:20  Drone  
  28  2:22  Drone  
  30  2:32  Hatchery  
  30  2:35  Drone  
  30  2:42  Queen  
  32  2:45  Drone  
  32  2:49  Baneling Nest  
  32  2:55  Overlord  
  32  2:59  Zergling x2  
  32  3:00  Drone  
  32  3:01  Drone  
  32  3:04  Drone  
  36  3:14  Zergling x6  
  36  3:15  Zergling x2  
  36  3:17  Zergling x4  
  42  3:21  Overlord  
  42  3:24  Drone  
  42  3:26  Drone  
  44  3:40  Drone x2  
  44  3:41  Drone x3  
  49  3:45  Zergling x2  
  49  3:46  Evolution Chamber  
  49  3:47  Overlord  
  49  3:48  Drone  
  50  3:50  Drone  
  50  3:53  Drone x2  
  50  3:55  Drone  
  53  4:06  Zergling x6  
  56  4:11  Overlord  
  56  4:13  Zergling x2  
  56  4:16  Overlord  
  57  4:17  Zergling x2  
  57  4:18  Zergling x4  
  57  4:19  Queen  
  57  4:22  Zergling x4  
  57  4:23  Zergling x2  
  57  4:24  Zergling x2  
  57  4:27  Zergling x2  
  57  4:28  Zergling x2  
  55  4:32  Zergling x6  
  58  4:43  Drone x2, Roach Warren  
  59  4:47  Queen  
  59  4:49  Drone  
  59  4:50  Drone  
  59  4:52  Drone  
  64  4:55  Zerg Ground Armor Level 1  
  64  4:56  Extractor, Drone  
  64  4:57  Extractor  
  62  5:01  Overlord  
  62  5:04  Baneling  
  62  5:05  Baneling  
  62  5:10  Overlord  
  61  5:26  Roach x3  
  61  5:27  Roach x2  
  61  5:28  Roach x2  
  75  5:30  Roach  
  75  5:32  Roach x2  
  75  5:34  Roach  
  75  5:35  Overlord  
  83  5:37  Roach  
  83  5:40  Roach  
  88  5:43  Roach  
  88  5:47  Overlord  
  88  5:48  Drone  
  88  5:49  Drone x2  
  91  5:50  Drone  
  91  5:52  Drone  
  92  5:57  Zergling x6  
  92  6:00  Zergling x2  
  92  6:01  Zergling x2  
  92  6:02  Baneling x4  
  92  6:03  Baneling x2  
  96  6:09  Zergling x6  
  96  6:11  Drone x2  
  101  6:15  Lair  
  101  6:18  Overlord  
  101  6:23  Drone  
  101  6:24  Drone  
  100  6:26  Drone  
  100  6:30  Drone  
  100  6:32  Drone  
  95  6:33  Overlord  
  95  6:38  Overlord  
  94  6:40  Drone  
  94  6:43  Drone  
  94  6:46  Roach x5  
  101  6:49  Zerg Missile Weapons Level 1, Roach x2  
  101  6:51  Roach  
  107  6:58  Roach x2  
  111  7:03  Roach  
  111  7:07  Roach x2  
  111  7:10  Roach  
  111  7:12  Extractor  
  111  7:13  Extractor, Zergling x16  
  118  7:19  Overlord  
  118  7:21  Zergling x6  
  118  7:22  Glial Reconstitution, Zergling x2  
  122  7:26  Roach  
  124  7:31  Roach  
  124  7:34  Overseer  
  124  7:35  Overlord  
  126  7:41  Roach x2  
  130  7:45  Overlord, Roach x2  
  130  7:48  Roach  
  130  7:49  Roach  
  130  7:50  Roach  
  139  7:51  Roach  
  139  7:53  Roach  
  139  7:55  Roach  
  139  7:58  Roach  
  146  8:00  Roach  
  146  8:01  Roach  
  146  8:03  Roach  
  146  8:05  Roach  
  152  8:10  Roach x2  
  155  8:14  Overlord  
  155  8:15  Overlord x3  
  155  8:20  Roach  
  155  8:23  Roach x2  
  161  8:27  Overlord  
  165  8:34  Roach x4  
  165  8:38  Roach  
  173  8:41  Roach  
  173  8:44  Roach x3  
  173  8:48  Roach  
  181  8:54  Roach x2  
  179  9:04  Roach x3  
Show
View Real Time Build Order
Export as new Build Order

DRG Zerg 

Build Orders: Hatch First 

Get SALT Encoding   

  12  0:00  Drone  
  13  0:12  Overlord  
  13  0:17  Drone  
  14  0:30  Drone x2  
  16  0:47  Hatchery  
  15  0:50  Drone  
  15  0:54  Drone  
  17  0:58  Drone  
  18  1:08  Extractor  
  17  1:13  Spawning Pool  
  17  1:16  Drone  
  17  1:19  Drone  
  18  1:28  Drone  
  19  1:38  Drone  
  20  1:49  Drone  
  21  1:59  Queen x2  
  21  2:00  Overlord  
  25  2:01  Drone  
  26  2:10  Drone x2  
  26  2:12  Metabolic Boost  
  28  2:21  Drone, Zergling x2  
  30  2:30  Hatchery  
  30  2:33  Drone  
  30  2:35  Drone  
  31  2:42  Queen  
  33  2:49  Baneling Nest  
  32  2:52  Overlord  
  32  2:55  Drone  
  32  2:58  Drone  
  34  3:01  Drone  
  34  3:05  Zergling x2  
  36  3:11  Zergling x2  
  36  3:12  Zergling x2  
  38  3:13  Drone x2  
  38  3:16  Drone x2  
  38  3:18  Drone  
  43  3:21  Overlord  
  43  3:26  Drone  
  44  3:29  Evolution Chamber  
  43  3:36  Drone  
  43  3:37  Baneling  
  44  3:41  Zergling x8  
  44  3:42  Baneling x2  
  44  3:44  Zergling x4  
  50  3:52  Roach Warren  
  50  3:53  Zergling x4  
  51  3:58  Drone  
  51  3:59  Drone x2  
  54  4:04  Overlord  
  54  4:05  Overlord  
  54  4:07  Drone  
  54  4:20  Drone  
  54  4:21  Drone x4  
  57  4:24  Extractor  
  57  4:26  Zergling x2  
  57  4:27  Zergling x2  
  57  4:30  Zergling x2  
  56  4:37  Roach x5  
  63  4:41  Overlord  
  63  4:43  Lair  
  63  4:47  Baneling  
  63  4:51  Drone  
  62  4:56  Drone  
  62  4:59  Drone  
  63  5:00  Drone x4  
  63  5:04  Drone x4  
  63  5:06  Zerg Missile Weapons Level 1  
  71  5:12  Drone x4  
  71  5:13  Drone  
  76  5:15  Drone  
  76  5:17  Drone x3  
  80  5:23  Extractor  
  80  5:24  Overlord  
  80  5:25  Drone x2  
  81  5:29  Extractor x2, Overlord  
  81  5:30  Extractor  
  81  5:31  Overlord  
  81  5:33  Drone  
  81  5:34  Drone  
  80  5:38  Overlord  
  80  5:39  Overlord  
  80  5:44  Overlord  
  80  5:46  Overlord  
  80  5:48  Overlord  
  78  5:53  Spine Crawler  
  78  5:54  Roach  
  78  5:55  Roach, Spine Crawler  
  80  5:57  Glial Reconstitution  
  80  6:00  Roach  
  80  6:01  Roach  
  80  6:02  Baneling  
  80  6:03  Baneling x2  
  80  6:04  Baneling x3  
  84  6:06  Roach  
  84  6:07  Roach  
  84  6:10  Zergling x2  
  84  6:11  Zergling x2  
  90  6:12  Roach  
  90  6:13  Roach  
  90  6:15  Roach  
  96  6:24  Roach  
  96  6:25  Roach x2  
  96  6:28  Roach  
  96  6:29  Zergling x6  
  96  6:31  Roach  
  93  6:35  Roach x2  
  96  6:40  Roach x2  
  96  6:41  Zergling x2  
  96  6:44  Roach  
  96  6:45  Zergling x4  
  97  6:47  Roach  
  97  6:51  Roach  
  99  6:54  Roach  
  99  6:57  Queen  
  102  7:07  Roach  
  92  7:10  Roach x2  
  96  7:19  Baneling x4  
  97  7:26  Roach x3  
  101  7:31  Drone x2  
  101  7:33  Queen  
  101  7:37  Queen  
  105  7:39  Drone  
  105  7:41  Drone x2  
  110  7:46  Drone  
  110  7:51  Drone  
  112  7:53  Drone  
  112  7:56  Drone  
  113  8:03  Roach x2  
  115  8:07  Roach x2  
  115  8:09  Overseer  
  118  8:16  Roach x2  
  118  8:17  Roach  
  124  8:20  Roach  
  124  8:24  Roach  
  124  8:25  Roach  
  130  8:28  Overlord  
  130  8:29  Roach  
  130  8:31  Ravager x4  
  136  8:37  Roach  
  136  8:39  Roach  
  136  8:40  Roach  
  142  8:46  Roach x3  
  142  8:47  Roach  
  150  8:48  Ravager  
  150  8:54  Roach  
  153  8:58  Overlord  

Tags
 
Add a new tag
Caveats
  • Supply blocks, unpowered buildings, or Contaminate may cause inaccurate times.
  • Supply counts are checked every 10 seconds.